Avalanche vs Senators

Created - January 10, 2017 at 17:38

Goals
1 2 3 T
Avalanche 1 0 2 3
Senators 1 2 3 6
Shots
1 2 3 T
Avalanche 12 8 12 32
Senators 7 11 23 41

1st period

1. Avalanche , Jesper Fast 12 (Sami Vatanen, David Backes) at 17:15
2. Senators , Mark Stone 24 (Patrick Marleau, Mika Zibanejad) at 17:44

Penalties :
Kevin Shattenkirk (COL) for Hooking (Minor) at 9:20, Jared Cowen (OTT) for Close Hand On Puck (Minor) at 14:24, Lauri Korpikoski (OTT) for High sticking (Minor) at 15:09, Beau Bennett (OTT) for Hooking (Minor) at 18:01

2nd period

3. Senators , Drew Miller 3 (Drew Doughty, Mika Zibanejad) at 6:27 (PP)
4. Senators , Mike Hoffman 14 (Michael Stone, Anton Lander) at 17:47

Penalties :
Kevin Bieksa (COL) for Interference (Minor) at 4:55, Drew Miller (OTT) for Hooking (Minor) at 13:08

3rd period

5. Senators , Beau Bennett 8 (Mike Hoffman, Drew Doughty) at 1:12
6. Senators , Tyler Seguin 25 (Patrick Marleau, Mark Stone) at 6:20 (PP)
7. Avalanche , Riley Sheahan 7 (Jesper Fast, Tyson Barrie) at 8:33
8. Senators , Mark Stone 25 (Michael Stone, Mika Zibanejad) at 10:35
9. Avalanche , Max Domi 12 (Alexander Steen, Sami Vatanen) at 19:24

Penalties :
David Backes (COL) for Cross-checking (Minor) at 3:08, Tyson Barrie (COL) for Hooking (Minor) at 5:11, Mats Zuccarello (COL) for Hooking (Minor) at 13:37, Beau Bennett (OTT) for High sticking (Minor) at 18:57, David Backes (COL) for Slashing (Minor) at 18:57, Jared Cowen (OTT) for Hooking (Minor) at 19:50

Goalie Stats

Jake Allen (COL), 35 saves from 41 shots - (0.854), L, 17-7-1, 60:00 minutes
Tuukka Rask (OTT), 29 saves from 32 shots - (0.906), W, 15-10-3, 60:00 minutes

Players Stats for Avalanche

Player Name              G  A  P  +/- PIM S  H  SB GA TA FO     MP     PP MP  PK MP  
------------------------------------------------------------------------------------
Alexander Steen          0  1  1  -2  0   4  3  1  0  0  16/31  23:27   3:21   4:16 
Chris Tierney            0  0  0   0  0   0  0  0  0  0  4/8     4:14   0:00   0:00 
David Backes             0  1  1   0  4   4  5  1  0  0  12/29  16:41   3:21   0:00 
Dylan Larkin             0  0  0  -3  0   1  0  0  0  0  1/3    19:21   3:21   0:46 
Frank Vatrano            0  0  0   1  0   0  2  0  0  0  0/0    11:14   0:00   0:00 
Jaccob Slavin            0  0  0  -2  0   1  0  1  0  0  0/0    21:36   3:43   4:17 
Jeff Skinner             0  0  0   0  0   1  0  0  0  0  0/3    16:50   3:21   0:07 
Jesper Fast              1  1  2   1  0   3  1  0  0  0  0/1    15:36   0:00   4:22 
Kevin Bieksa             0  0  0   1  2   2  4  3  0  0  0/0    21:09   0:00   3:36 
Kevin Shattenkirk        0  0  0  -2  2   1  1  3  0  0  0/0    20:39   3:43   3:21 
Mats Zuccarello          0  0  0  -3  2   3  1  0  0  0  0/0    22:23   3:21   3:23 
Max Domi                 1  0  1   1  0   4  0  0  0  0  1/3    17:19   3:21   0:00 
Reid Boucher             0  0  0   0  0   0  0  0  0  0  0/0     3:48   0:00   0:00 
Riley Sheahan            1  0  1   1  0   4  1  1  0  0  10/20  15:36   0:00   4:22 
Ryan Dzingel             0  0  0   0  0   0  0  0  0  0  0/0     3:48   0:00   0:00 
Sami Vatanen             0  2  2   1  0   1  0  1  0  0  0/0    24:54   2:59   4:21 
Shea Theodore            0  0  0   0  0   1  0  2  0  0  0/0    13:30   0:00   0:00 
Tyson Barrie             0  1  1   0  2   2  1  1  0  0  0/0    18:09   2:59   1:41 

Players Stats for Senators

Player Name              G  A  P  +/- PIM S  H  SB GA TA FO     MP     PP MP  PK MP  
------------------------------------------------------------------------------------
Anton Lander             0  1  1   0  0   3  1  1  0  0  18/35  20:29   0:00   2:47 
Beau Bennett             1  0  1   1  4   2  1  0  0  0  0/0    15:17   0:29   1:26 
Connor Murphy            0  0  0   2  0   2  2  0  0  0  0/0    18:41   0:00   2:48 
Drew Doughty             0  2  2   2  0   0  0  1  0  0  0/0    22:26   4:19   1:48 
Drew Miller              1  0  1   0  2   1  3  0  0  0  3/4    15:43   4:11   2:19 
Jared Cowen              0  0  0   0  4   0  1  0  0  0  0/0    10:43   4:19   2:15 
Jason Garrison           0  0  0   0  0   2  0  1  0  0  0/0    18:29   4:19   0:00 
Lauri Korpikoski         0  0  0   0  2   2  0  0  0  0  0/1    15:28   0:00   2:23 
Luke Schenn              0  0  0   0  0   1  1  0  0  0  0/0    14:00   0:00   0:25 
Marc Methot              0  0  0  -1  0   0  1  2  0  0  0/0    13:55   0:00   3:38 
Mark Stone               2  1  3   0  0   5  0  0  0  0  1/1    22:03   4:27   0:00 
Michael Stone            0  2  2  -1  0   2  4  1  0  0  0/0    21:44   4:19   2:48 
Mika Zibanejad           0  3  3   1  0   4  1  0  0  0  20/33  21:46   4:11   0:00 
Mike Hoffman             1  1  2   1  0   6  1  0  0  0  1/1    18:01   4:11   0:00 
Milan Michalek           0  0  0   0  0   0  0  0  0  0  0/2     3:51   0:00   0:00 
Patrick Marleau          0  2  2   1  0   8  1  0  0  0  0/0    21:36   4:27   0:00 
Paul Gaustad             0  0  0   0  0   0  0  0  0  0  3/3     3:23   0:00   3:23 
Tyler Seguin             1  0  1   0  0   3  0  0  0  0  8/18   13:12   3:58   0:00 

3 Stars

1 - Mark Stone (OTT)
2 - Mike Hoffman (OTT)
3 - Jesper Fast (COL)

Power Play

Avalanche - 0 on 5 Attempt(s) - 0.00%
Senators - 2 on 5 Attempt(s) - 40.00%

Penalty Kill

Avalanche - 3 on 5 Attempt(s) - 60.00% - Score 0 goal in Penalty Kill
Senators - 5 on 5 Attempt(s) - 100.00% - Score 0 goal in Penalty Kill

Team Stat

Avalanche - Hits : 19 - Faceoff Wins : 44 - Blocked Shots : 14 - Penalty Minutes : 12
Senators - Hits : 17 - Faceoff Wins : 54 - Blocked Shots : 6 - Penalty Minutes : 12

Official

Referees : Kelly Sutherland and Dan O'Halloran
Linesman : Jonny Murray and Scott Driscoll

Game Notes

No Game Note

Finance

Level 1 -- Attendance: 5803 (89.28%) -- Ticket Income $580,300
Level 2 -- Attendance: 5000 (100.00%) -- Ticket Income $300,000
Level 3 -- Attendance: 3204 (91.54%) -- Ticket Income $112,140
Level 4 -- Attendance: 2710 (85.95%) -- Ticket Income $81,300
Luxury Box -- Attendance: 719 (71.90%) -- Ticket Income $179,750
Game was played at the Canadian Tire Centre.
Total Attendance: 17436 (91.04%)
Total Ticket Income: $1,253,490
Other Income: $188,024
Total Income: $1,441,514

% Time on Ice - Avalanche

Lines # - Real PCT - Wanted PCT - Time Play
Normal Forward
1 - 35% - 35% - 15:14
2 - 31% - 32% - 13:22
3 - 26% - 28% - 11:14
4 - 9% - 5% - 3:48
Normal Defense
1 - 36% - 35% - 15:50
2 - 30% - 30% - 13:10
3 - 31% - 25% - 13:30
4 - 3% - 10% - 1:08
PP Forward
1 - 50% - 50% - 3:21
2 - 50% - 50% - 3:21
PP Defense
1 - 45% - 50% - 2:59
2 - 55% - 50% - 3:43
PK Forward
1 - 51% - 50% - 4:22
2 - 49% - 50% - 4:16
PK Defense
1 - 50% - 60% - 4:21
2 - 50% - 40% - 4:17
PK3 Forward
1 - 0% - 50%
2 - 0% - 50%
PK3 Defense
1 - 0% - 60%
2 - 0% - 40%
44 Forward
1 - 58% - 50% - 0:36
2 - 42% - 50% - 0:26
44 Defense
1 - 58% - 50% - 0:36
2 - 42% - 50% - 0:26
Last Minute Offensive  - 0:00
Last Minute Defensive  - 0:00
Total
Forward - 60:00
Defense - 60:00

% Time on Ice - Senators

Lines # - Real PCT - Wanted PCT - Time Play
Normal Forward
1 - 39% - 36% - 17:09
2 - 31% - 34% - 13:24
3 - 21% - 20% - 9:14
4 - 9% - 10% - 3:51
Normal Defense
1 - 36% - 36% - 15:53
2 - 32% - 34% - 14:10
3 - 23% - 20% - 9:50
4 - 9% - 10% - 3:45
PP Forward
1 - 52% - 50% - 4:27
2 - 48% - 50% - 4:11
PP Defense
1 - 50% - 50% - 4:19
2 - 50% - 50% - 4:19
PK Forward
1 - 51% - 50% - 2:47
2 - 49% - 50% - 2:41
PK Defense
1 - 49% - 50% - 2:40
2 - 51% - 50% - 2:48
PK3 Forward
1 - 49% - 50% - 0:41
2 - 51% - 50% - 0:42
PK3 Defense
1 - 70% - 50% - 0:58
2 - 30% - 50% - 0:25
44 Forward
1 - 51% - 52% - 0:27
2 - 49% - 48% - 0:26
44 Defense
1 - 49% - 52% - 0:26
2 - 51% - 48% - 0:27
Last Minute Offensive  - 0:00
Last Minute Defensive  - 0:00
Total
Forward - 60:00
Defense - 60:00

Play by Play

1st period


0:01 of 1st period - Mika Zibanejad wins face-off versus Alexander Steen in neutral zone.
0:18 of 1st period - Shot by Patrick Marleau.
0:18 of 1st period - Stopped by Jake Allen without a rebound.
0:19 of 1st period - Anton Lander wins face-off versus David Backes in Avalanche zone.
0:23 of 1st period - Icing by Jaccob Slavin.
0:24 of 1st period - David Backes wins face-off versus Tyler Seguin in Avalanche zone.
0:36 of 1st period - David Backes is hit by Marc Methot and loses puck.
1:01 of 1st period - Shot by Jeff Skinner.
1:01 of 1st period - Stopped by Tuukka Rask with a rebound.
1:03 of 1st period - Shot by Kevin Shattenkirk.
1:03 of 1st period - Shot Blocked by Marc Methot.
1:05 of 1st period - Shot by David Backes.
1:05 of 1st period - Shot Misses the Net.
1:07 of 1st period - Shot by David Backes.
1:07 of 1st period - Shot Blocked by Marc Methot.
1:30 of 1st period - Shot by Jesper Fast.
1:30 of 1st period - Shot Misses the Net.
1:34 of 1st period - Shot by Jesper Fast.
1:34 of 1st period - Stopped by Tuukka Rask without a rebound.
1:35 of 1st period - Alexander Steen wins face-off versus Anton Lander in Senators zone.
1:55 of 1st period - Beau Bennett is hit by Kevin Bieksa and loses puck.
2:17 of 1st period - Shot by Alexander Steen.
2:17 of 1st period - Stopped by Tuukka Rask without a rebound.
2:18 of 1st period - Riley Sheahan wins face-off versus Mika Zibanejad in Senators zone.
2:21 of 1st period - Shot by Jesper Fast.
2:21 of 1st period - Shot Misses the Net.
2:39 of 1st period - Shot by Mark Stone.
2:39 of 1st period - Deflect By Mika Zibanejad.
2:39 of 1st period - Stopped by Jake Allen without a rebound.
2:40 of 1st period - Chris Tierney wins face-off versus Anton Lander in Avalanche zone.
2:47 of 1st period - Shot by Milan Michalek.
2:47 of 1st period - Shot Misses the Net.
2:49 of 1st period - Shot by Milan Michalek.
2:49 of 1st period - Shot Misses the Net.
2:51 of 1st period - Shot by Luke Schenn.
2:51 of 1st period - Stopped by Jake Allen without a rebound.
2:52 of 1st period - Riley Sheahan wins face-off versus Mika Zibanejad in Avalanche zone.
3:17 of 1st period - Icing by Mark Stone.
3:18 of 1st period - David Backes wins face-off versus Mika Zibanejad in Senators zone.
3:21 of 1st period - Shot by Jeff Skinner.
3:21 of 1st period - Shot Misses the Net.
4:30 of 1st period - Shot by Beau Bennett.
4:30 of 1st period - Shot Misses the Net.
4:32 of 1st period - Shot by Michael Stone.
4:32 of 1st period - Shot Misses the Net.
4:34 of 1st period - Shot by Anton Lander.
4:34 of 1st period - Shot Misses the Net.
4:36 of 1st period - Shot by Beau Bennett.
4:36 of 1st period - Deflect By Mike Hoffman.
4:36 of 1st period - Shot Misses the Net.
4:38 of 1st period - Shot by Jason Garrison.
4:38 of 1st period - Stopped by Jake Allen without a rebound.
4:39 of 1st period - Riley Sheahan wins face-off versus Tyler Seguin in Avalanche zone.
4:39 of 1st period - Jesper Fast is hit by Drew Miller and loses puck.
4:45 of 1st period - Jesper Fast is hit by Drew Miller and loses puck.
4:54 of 1st period - Shot by Jesper Fast.
4:54 of 1st period - Shot Misses the Net.
4:56 of 1st period - Shot by Jesper Fast.
4:56 of 1st period - Deflect By Riley Sheahan.
4:56 of 1st period - Shot Misses the Net.
5:35 of 1st period - Shot by Mats Zuccarello.
5:35 of 1st period - Shot Misses the Net.
5:57 of 1st period - Icing by Jason Garrison.
5:58 of 1st period - Chris Tierney wins face-off versus Mika Zibanejad in Senators zone.
6:18 of 1st period - Icing by Jason Garrison.
6:19 of 1st period - Alexander Steen wins face-off versus Mika Zibanejad in Senators zone.
6:21 of 1st period - Mats Zuccarello is hit by Michael Stone and loses puck.
6:58 of 1st period - Alexander Steen is hit by Mika Zibanejad and loses puck.
7:14 of 1st period - Icing by Connor Murphy.
7:15 of 1st period - Anton Lander wins face-off versus David Backes in Senators zone.
8:11 of 1st period - Shot by Riley Sheahan.
8:11 of 1st period - Stopped by Tuukka Rask without a rebound.
8:12 of 1st period - Tyler Seguin wins face-off versus Riley Sheahan in Senators zone.
8:12 of 1st period - Tyler Seguin is hit by Jesper Fast.
9:15 of 1st period - Off-side.
9:16 of 1st period - Mika Zibanejad wins face-off versus David Backes in neutral zone.
9:19 of 1st period - Shot by Mika Zibanejad.
9:19 of 1st period - Shot Misses the Net.
9:20 of 1st period - Minor Penalty to Kevin Shattenkirk for Hooking.
9:21 of 1st period - Alexander Steen wins face-off versus Tyler Seguin in Avalanche zone.
10:22 of 1st period - Shot by Mike Hoffman.
10:22 of 1st period - Shot Blocked by Kevin Bieksa.
11:12 of 1st period - Shot by Patrick Marleau.
11:12 of 1st period - Stopped by Jake Allen with a rebound.
11:20 of 1st period - Shot by Beau Bennett.
11:20 of 1st period - Deflect By Lauri Korpikoski.
11:20 of 1st period - Shot Misses the Net.
11:22 of 1st period - Shot by Anton Lander.
11:22 of 1st period - Stopped by Jake Allen without a rebound.
11:23 of 1st period - David Backes wins face-off versus Milan Michalek in Avalanche zone.
12:00 of 1st period - Shot by Milan Michalek.
12:00 of 1st period - Shot Blocked by David Backes.
12:03 of 1st period - Icing by David Backes.
12:04 of 1st period - Mika Zibanejad wins face-off versus David Backes in Avalanche zone.
12:11 of 1st period - Kevin Shattenkirk is hit by Patrick Marleau and loses puck.
13:09 of 1st period - Mats Zuccarello is hit by Anton Lander and loses puck.
13:26 of 1st period - Shot by Dylan Larkin.
13:26 of 1st period - Shot Misses the Net.
13:38 of 1st period - Shot by Kevin Bieksa.
13:38 of 1st period - Stopped by Tuukka Rask with a rebound.
13:43 of 1st period - Mats Zuccarello is hit by Michael Stone and loses puck.
14:04 of 1st period - Lauri Korpikoski is hit by Frank Vatrano and loses puck.
14:20 of 1st period - Jesper Fast is hit by Jared Cowen and loses puck.
14:24 of 1st period - Minor Penalty to Jared Cowen for Close Hand On Puck.
14:25 of 1st period - Paul Gaustad wins face-off versus Alexander Steen in Senators zone.
14:34 of 1st period - Connor Murphy is hit by Alexander Steen and loses puck.
14:51 of 1st period - Shot by Tyson Barrie.
14:51 of 1st period - Stopped by Tuukka Rask without a rebound.
14:52 of 1st period - Max Domi wins face-off versus Anton Lander in Senators zone.
14:53 of 1st period - Shot by Dylan Larkin.
14:53 of 1st period - Stopped by Tuukka Rask without a rebound.
14:54 of 1st period - Dylan Larkin wins face-off versus Anton Lander in Senators zone.
15:09 of 1st period - Minor Penalty to Lauri Korpikoski for High sticking.
15:10 of 1st period - Drew Miller wins face-off versus David Backes in Senators zone.
15:10 of 1st period - Drew Miller is hit by David Backes.
15:35 of 1st period - Shot by Tyson Barrie.
15:35 of 1st period - Stopped by Tuukka Rask without a rebound.
15:36 of 1st period - Drew Miller wins face-off versus Alexander Steen in Senators zone.
16:57 of 1st period - Shot by David Backes.
16:57 of 1st period - Stopped by Tuukka Rask without a rebound.
16:58 of 1st period - Alexander Steen wins face-off versus Anton Lander in Senators zone.
17:03 of 1st period - Shot by Jaccob Slavin.
17:03 of 1st period - Stopped by Tuukka Rask without a rebound.
17:04 of 1st period - David Backes wins face-off versus Anton Lander in Senators zone.
17:05 of 1st period - Shot by Tyson Barrie.
17:05 of 1st period - Shot Misses the Net.
17:15 of 1st period - Shot by Jesper Fast.
17:15 of 1st period - Goal by Jesper Fast - Avalanche : 1 - Senators : 0.
17:16 of 1st period - Mika Zibanejad wins face-off versus Riley Sheahan in neutral zone.
17:21 of 1st period - Shot by Patrick Marleau.
17:21 of 1st period - Shot Misses the Net.
17:23 of 1st period - Shot by Connor Murphy.
17:23 of 1st period - Shot Blocked by Tyson Barrie.
17:44 of 1st period - Shot by Patrick Marleau.
17:44 of 1st period - Deflect By Mark Stone.
17:44 of 1st period - Goal by Mark Stone - Avalanche : 1 - Senators : 1.
17:45 of 1st period - Anton Lander wins face-off versus Dylan Larkin in neutral zone.
17:52 of 1st period - Shot by Beau Bennett.
17:52 of 1st period - Shot Misses the Net.
17:58 of 1st period - Shot by Anton Lander.
17:58 of 1st period - Shot Misses the Net.
18:01 of 1st period - Minor Penalty to Beau Bennett for Hooking.
18:02 of 1st period - Paul Gaustad wins face-off versus David Backes in Senators zone.
19:40 of 1st period - Shot by Sami Vatanen.
19:40 of 1st period - Stopped by Tuukka Rask without a rebound.
19:41 of 1st period - Anton Lander wins face-off versus David Backes in Senators zone.
Goals for this period are 1 for Avalanche vs 1 for Senators.
Shots for this period are 12 for Avalanche vs 7 for Senators.

2nd period


0:01 of 2nd period - Riley Sheahan wins face-off versus Mika Zibanejad in neutral zone.
0:59 of 2nd period - Icing by Kevin Shattenkirk.
1:00 of 2nd period - Alexander Steen wins face-off versus Anton Lander in Avalanche zone.
1:08 of 2nd period - Mike Hoffman is hit by Kevin Shattenkirk and loses puck.
1:30 of 2nd period - Shot by Mike Hoffman.
1:30 of 2nd period - Shot Misses the Net.
2:35 of 2nd period - Icing by Marc Methot.
2:36 of 2nd period - Riley Sheahan wins face-off versus Lauri Korpikoski in Senators zone.
2:39 of 2nd period - Shot by Shea Theodore.
2:39 of 2nd period - Stopped by Tuukka Rask with a rebound.
2:54 of 2nd period - Icing by Jesper Fast.
2:55 of 2nd period - Mika Zibanejad wins face-off versus Riley Sheahan in Avalanche zone.
3:35 of 2nd period - Icing by Connor Murphy.
3:36 of 2nd period - Mika Zibanejad wins face-off versus Jeff Skinner in Senators zone.
3:48 of 2nd period - Jeff Skinner is hit by Connor Murphy and loses puck.
3:59 of 2nd period - Shot by Jeff Skinner.
3:59 of 2nd period - Shot Misses the Net.
4:01 of 2nd period - Shot by Kevin Bieksa.
4:01 of 2nd period - Stopped by Tuukka Rask without a rebound.
4:02 of 2nd period - Alexander Steen wins face-off versus Anton Lander in Senators zone.
4:06 of 2nd period - Dylan Larkin is hit by Michael Stone and loses puck.
4:21 of 2nd period - Shot by Mats Zuccarello.
4:21 of 2nd period - Stopped by Tuukka Rask without a rebound.
4:22 of 2nd period - David Backes wins face-off versus Tyler Seguin in Senators zone.
4:39 of 2nd period - Shot by Tyler Seguin.
4:39 of 2nd period - Shot Misses the Net.
4:48 of 2nd period - Lauri Korpikoski is hit by Kevin Bieksa.
4:55 of 2nd period - Minor Penalty to Kevin Bieksa for Interference.
4:56 of 2nd period - Tyler Seguin wins face-off versus Jesper Fast in Avalanche zone.
5:49 of 2nd period - Shot by Mike Hoffman.
5:49 of 2nd period - Stopped by Jake Allen without a rebound.
5:50 of 2nd period - Mika Zibanejad wins face-off versus Alexander Steen in Avalanche zone.
6:23 of 2nd period - Shot by Drew Doughty.
6:23 of 2nd period - Deflect By Mika Zibanejad.
6:23 of 2nd period - Shot Blocked by Riley Sheahan.
6:25 of 2nd period - Shot by Drew Doughty.
6:25 of 2nd period - Shot Misses the Net.
6:27 of 2nd period - Shot by Drew Miller.
6:27 of 2nd period - Goal by Drew Miller - Avalanche : 1 - Senators : 2.
6:28 of 2nd period - Anton Lander wins face-off versus David Backes in neutral zone.
7:20 of 2nd period - Shot by Mats Zuccarello.
7:20 of 2nd period - Stopped by Tuukka Rask without a rebound.
7:21 of 2nd period - Mika Zibanejad wins face-off versus Alexander Steen in Senators zone.
8:37 of 2nd period - Shot by Riley Sheahan.
8:37 of 2nd period - Stopped by Tuukka Rask without a rebound.
8:38 of 2nd period - Tyler Seguin wins face-off versus David Backes in Senators zone.
8:38 of 2nd period - Tyler Seguin is hit by David Backes.
9:16 of 2nd period - Icing by Jeff Skinner.
9:17 of 2nd period - Anton Lander wins face-off versus David Backes in Avalanche zone.
9:26 of 2nd period - Shot by Mike Hoffman.
9:26 of 2nd period - Shot Misses the Net.
9:32 of 2nd period - Drew Doughty is hit by David Backes and loses puck.
10:21 of 2nd period - Sami Vatanen is hit by Michael Stone and loses puck.
10:28 of 2nd period - Shot by Patrick Marleau.
10:28 of 2nd period - Shot Misses the Net.
10:30 of 2nd period - Shot by Mark Stone.
10:30 of 2nd period - Deflect By Mika Zibanejad.
10:30 of 2nd period - Shot Misses the Net.
10:39 of 2nd period - Mark Stone is hit by Kevin Bieksa and loses puck.
10:44 of 2nd period - Shot by Mika Zibanejad.
10:44 of 2nd period - Deflect By Mark Stone.
10:44 of 2nd period - Shot Blocked by Kevin Bieksa.
10:46 of 2nd period - Shot by Patrick Marleau.
10:46 of 2nd period - Stopped by Jake Allen with a rebound.
10:48 of 2nd period - Shot by Michael Stone.
10:48 of 2nd period - Shot Misses the Net.
10:50 of 2nd period - Shot by Patrick Marleau.
10:50 of 2nd period - Shot Hit the Post.
11:56 of 2nd period - Shot by Mike Hoffman.
11:56 of 2nd period - Shot Hit the Post.
11:58 of 2nd period - Shot by Beau Bennett.
11:58 of 2nd period - Stopped by Jake Allen without a rebound.
11:59 of 2nd period - David Backes wins face-off versus Mika Zibanejad in Avalanche zone.
12:43 of 2nd period - Icing by Tyson Barrie.
12:44 of 2nd period - Anton Lander wins face-off versus David Backes in Avalanche zone.
12:57 of 2nd period - Shot by Mike Hoffman.
12:57 of 2nd period - Shot Blocked by Shea Theodore.
12:59 of 2nd period - Shot by Anton Lander.
12:59 of 2nd period - Stopped by Jake Allen without a rebound.
13:00 of 2nd period - Tyler Seguin wins face-off versus Chris Tierney in Avalanche zone.
13:08 of 2nd period - Minor Penalty to Drew Miller for Hooking.
13:09 of 2nd period - Anton Lander wins face-off versus Alexander Steen in Senators zone.
13:46 of 2nd period - Shot by Alexander Steen.
13:46 of 2nd period - Stopped by Tuukka Rask without a rebound.
13:47 of 2nd period - Paul Gaustad wins face-off versus David Backes in Senators zone.
14:08 of 2nd period - Shot by Max Domi.
14:08 of 2nd period - Shot Misses the Net.
14:10 of 2nd period - Shot by Max Domi.
14:10 of 2nd period - Shot Misses the Net.
14:12 of 2nd period - Shot by Max Domi.
14:12 of 2nd period - Stopped by Tuukka Rask without a rebound.
14:13 of 2nd period - Anton Lander wins face-off versus Jeff Skinner in Senators zone.
15:09 of 2nd period - Icing by Tyson Barrie.
15:10 of 2nd period - Mika Zibanejad wins face-off versus Riley Sheahan in Avalanche zone.
15:15 of 2nd period - Shot by Mark Stone.
15:15 of 2nd period - Shot Misses the Net.
15:17 of 2nd period - Shot by Patrick Marleau.
15:17 of 2nd period - Stopped by Jake Allen with a rebound.
15:19 of 2nd period - Shot by Patrick Marleau.
15:19 of 2nd period - Stopped by Jake Allen without a rebound.
15:20 of 2nd period - Mika Zibanejad wins face-off versus Chris Tierney in Avalanche zone.
16:00 of 2nd period - Shot by Chris Tierney.
16:00 of 2nd period - Shot Misses the Net.
16:39 of 2nd period - Icing by Michael Stone.
16:40 of 2nd period - Mike Hoffman wins face-off versus David Backes in Senators zone.
17:01 of 2nd period - Shot by David Backes.
17:01 of 2nd period - Stopped by Tuukka Rask without a rebound.
17:02 of 2nd period - Tyler Seguin wins face-off versus Riley Sheahan in Senators zone.
17:37 of 2nd period - Shot by Lauri Korpikoski.
17:37 of 2nd period - Stopped by Jake Allen without a rebound.
17:38 of 2nd period - Anton Lander wins face-off versus Alexander Steen in Avalanche zone.
17:39 of 2nd period - Shot by Mike Hoffman.
17:39 of 2nd period - Shot Misses the Net.
17:47 of 2nd period - Shot by Mike Hoffman.
17:47 of 2nd period - The goal is going for a video replay.
17:47 of 2nd period - The goal is good.
17:47 of 2nd period - Goal by Mike Hoffman - Avalanche : 1 - Senators : 3.
17:48 of 2nd period - Mika Zibanejad wins face-off versus Jeff Skinner in neutral zone.
17:53 of 2nd period - Shot by Mika Zibanejad.
17:53 of 2nd period - Stopped by Jake Allen without a rebound.
17:54 of 2nd period - Alexander Steen wins face-off versus Anton Lander in Avalanche zone.
18:12 of 2nd period - Shot by Dylan Larkin.
18:12 of 2nd period - Shot Blocked by Drew Doughty.
19:03 of 2nd period - Icing by Kevin Bieksa.
19:04 of 2nd period - David Backes wins face-off versus Tyler Seguin in Avalanche zone.
19:21 of 2nd period - Shot by Tyler Seguin.
19:21 of 2nd period - Stopped by Jake Allen without a rebound.
19:22 of 2nd period - Mika Zibanejad wins face-off versus Riley Sheahan in Avalanche zone.
19:25 of 2nd period - Shot by Mika Zibanejad.
19:25 of 2nd period - Shot Misses the Net.
19:33 of 2nd period - Patrick Marleau is hit by Riley Sheahan.
Goals for this period are 0 for Avalanche vs 2 for Senators.
Shots for this period are 8 for Avalanche vs 11 for Senators.

3rd period


0:01 of 3rd period - Anton Lander wins face-off versus Alexander Steen in neutral zone.
0:18 of 3rd period - Shot by Connor Murphy.
0:18 of 3rd period - Stopped by Jake Allen without a rebound.
0:19 of 3rd period - Mark Stone wins face-off versus Max Domi in Avalanche zone.
0:30 of 3rd period - Shot by Mark Stone.
0:30 of 3rd period - Deflect By Mika Zibanejad.
0:30 of 3rd period - Stopped by Jake Allen without a rebound.
0:31 of 3rd period - Alexander Steen wins face-off versus Anton Lander in Avalanche zone.
0:42 of 3rd period - Shot by Mike Hoffman.
0:42 of 3rd period - Stopped by Jake Allen with a rebound.
0:44 of 3rd period - Shot by Connor Murphy.
0:44 of 3rd period - Stopped by Jake Allen with a rebound.
1:08 of 3rd period - Shot by Mike Hoffman.
1:08 of 3rd period - Shot Blocked by Sami Vatanen.
1:12 of 3rd period - Shot by Mike Hoffman.
1:12 of 3rd period - Deflect By Beau Bennett.
1:12 of 3rd period - Goal by Beau Bennett - Avalanche : 1 - Senators : 4.
1:13 of 3rd period - David Backes wins face-off versus Mika Zibanejad in neutral zone.
1:23 of 3rd period - Icing by Mark Stone.
1:24 of 3rd period - Riley Sheahan wins face-off versus Mika Zibanejad in Senators zone.
1:27 of 3rd period - Shot by Jesper Fast.
1:27 of 3rd period - Shot Blocked by Jason Garrison.
1:56 of 3rd period - Shot by Mark Stone.
1:56 of 3rd period - Shot Blocked by Shea Theodore.
1:58 of 3rd period - Shot by Jason Garrison.
1:58 of 3rd period - Stopped by Jake Allen with a rebound.
2:06 of 3rd period - Shot by Patrick Marleau.
2:06 of 3rd period - Stopped by Jake Allen with a rebound.
2:08 of 3rd period - Shot by Mark Stone.
2:08 of 3rd period - Stopped by Jake Allen with a rebound.
2:20 of 3rd period - Anton Lander is hit by Frank Vatrano and loses puck.
2:33 of 3rd period - Shot by Mike Hoffman.
2:33 of 3rd period - Stopped by Jake Allen without a rebound.
2:34 of 3rd period - Drew Miller wins face-off versus Alexander Steen in Avalanche zone.
2:41 of 3rd period - Shot by Lauri Korpikoski.
2:41 of 3rd period - Shot Blocked by Kevin Bieksa.
2:59 of 3rd period - Shot by Alexander Steen.
2:59 of 3rd period - Stopped by Tuukka Rask without a rebound.
3:00 of 3rd period - David Backes wins face-off versus Anton Lander in Senators zone.
3:08 of 3rd period - Minor Penalty to David Backes for Cross-checking.
3:09 of 3rd period - Tyler Seguin wins face-off versus Alexander Steen in Avalanche zone.
3:16 of 3rd period - Shot by Mark Stone.
3:16 of 3rd period - Stopped by Jake Allen without a rebound.
3:17 of 3rd period - Alexander Steen wins face-off versus Mika Zibanejad in Avalanche zone.
3:30 of 3rd period - Kevin Shattenkirk is hit by Drew Miller and loses puck.
3:57 of 3rd period - Shot by Mike Hoffman.
3:57 of 3rd period - Stopped by Jake Allen without a rebound.
3:58 of 3rd period - Riley Sheahan wins face-off versus Tyler Seguin in Avalanche zone.
4:26 of 3rd period - Shot by Drew Doughty.
4:26 of 3rd period - Shot Misses the Net.
4:44 of 3rd period - Shot by Patrick Marleau.
4:44 of 3rd period - Stopped by Jake Allen with a rebound.
5:11 of 3rd period - Shot by Lauri Korpikoski.
5:11 of 3rd period - Stopped by Jake Allen without a rebound.
5:11 of 3rd period - Minor Penalty to Tyson Barrie for Hooking.
5:12 of 3rd period - Mika Zibanejad wins face-off versus Riley Sheahan in Avalanche zone.
5:17 of 3rd period - Shot by Michael Stone.
5:17 of 3rd period - Stopped by Jake Allen with a rebound.
5:37 of 3rd period - Icing by Michael Stone.
5:38 of 3rd period - Mika Zibanejad wins face-off versus Alexander Steen in Senators zone.
5:38 of 3rd period - Mika Zibanejad is hit by Alexander Steen.
6:06 of 3rd period - Shot by Tyler Seguin.
6:06 of 3rd period - Stopped by Jake Allen without a rebound.
6:07 of 3rd period - Riley Sheahan wins face-off versus Tyler Seguin in Avalanche zone.
6:20 of 3rd period - Shot by Patrick Marleau.
6:20 of 3rd period - Deflect By Tyler Seguin.
6:20 of 3rd period - Goal by Tyler Seguin - Avalanche : 1 - Senators : 5.
6:21 of 3rd period - Anton Lander wins face-off versus David Backes in neutral zone.
6:21 of 3rd period - Lauri Korpikoski is hit by David Backes and loses puck.
6:46 of 3rd period - Icing by Marc Methot.
6:47 of 3rd period - Alexander Steen wins face-off versus Milan Michalek in Senators zone.
7:43 of 3rd period - Icing by Drew Doughty.
7:44 of 3rd period - Mika Zibanejad wins face-off versus David Backes in Senators zone.
8:13 of 3rd period - Shot by Max Domi.
8:13 of 3rd period - Shot Misses the Net.
8:15 of 3rd period - Shot by Kevin Shattenkirk.
8:15 of 3rd period - Shot Misses the Net.
8:17 of 3rd period - Shot by Kevin Shattenkirk.
8:17 of 3rd period - Stopped by Tuukka Rask without a rebound.
8:18 of 3rd period - Riley Sheahan wins face-off versus Anton Lander in Senators zone.
8:27 of 3rd period - Shot by Jesper Fast.
8:27 of 3rd period - Shot Blocked by Anton Lander.
8:33 of 3rd period - Shot by Jesper Fast.
8:33 of 3rd period - Deflect By Riley Sheahan.
8:33 of 3rd period - Goal by Riley Sheahan - Avalanche : 2 - Senators : 5.
8:34 of 3rd period - Tyler Seguin wins face-off versus Chris Tierney in neutral zone.
8:46 of 3rd period - Icing by Ryan Dzingel.
8:47 of 3rd period - Chris Tierney wins face-off versus Mika Zibanejad in Avalanche zone.
9:46 of 3rd period - Icing by Drew Doughty.
9:47 of 3rd period - Anton Lander wins face-off versus Alexander Steen in Senators zone.
9:49 of 3rd period - Icing by Drew Doughty.
9:50 of 3rd period - Alexander Steen wins face-off versus Anton Lander in Senators zone.
9:55 of 3rd period - Shot by Mats Zuccarello.
9:55 of 3rd period - Stopped by Tuukka Rask without a rebound.
9:56 of 3rd period - Alexander Steen wins face-off versus Anton Lander in Senators zone.
10:02 of 3rd period - Dylan Larkin is hit by Connor Murphy and loses puck.
10:19 of 3rd period - Icing by Jaccob Slavin.
10:20 of 3rd period - Mika Zibanejad wins face-off versus Dylan Larkin in Avalanche zone.
10:35 of 3rd period - Shot by Mark Stone.
10:35 of 3rd period - Goal by Mark Stone - Avalanche : 2 - Senators : 6.
10:36 of 3rd period - David Backes wins face-off versus Anton Lander in neutral zone.
10:36 of 3rd period - David Backes is hit by Beau Bennett.
10:42 of 3rd period - Icing by Connor Murphy.
10:43 of 3rd period - Anton Lander wins face-off versus Max Domi in Senators zone.
10:43 of 3rd period - Anton Lander is hit by David Backes.
11:21 of 3rd period - Shot by Anton Lander.
11:21 of 3rd period - Stopped by Jake Allen with a rebound.
12:06 of 3rd period - Shot by Mark Stone.
12:06 of 3rd period - Shot Blocked by Kevin Shattenkirk.
12:10 of 3rd period - Shot by Mark Stone.
12:10 of 3rd period - Stopped by Jake Allen without a rebound.
12:11 of 3rd period - Riley Sheahan wins face-off versus Tyler Seguin in Avalanche zone.
12:13 of 3rd period - Icing by Jesper Fast.
12:14 of 3rd period - Tyler Seguin wins face-off versus Riley Sheahan in Avalanche zone.
12:14 of 3rd period - Tyler Seguin is hit by Tyson Barrie.
12:19 of 3rd period - Icing by Jesper Fast.
12:20 of 3rd period - Mika Zibanejad wins face-off versus Riley Sheahan in Avalanche zone.
12:23 of 3rd period - Shot by Mark Stone.
12:23 of 3rd period - Shot Misses the Net.
12:39 of 3rd period - Shot by Riley Sheahan.
12:39 of 3rd period - Shot Misses the Net.
12:41 of 3rd period - Shot by Riley Sheahan.
12:41 of 3rd period - Stopped by Tuukka Rask with a rebound.
12:43 of 3rd period - Shot by Jesper Fast.
12:43 of 3rd period - Stopped by Tuukka Rask without a rebound.
12:44 of 3rd period - David Backes wins face-off versus Anton Lander in Senators zone.
12:49 of 3rd period - Shot by Jeff Skinner.
12:49 of 3rd period - Deflect By David Backes.
12:49 of 3rd period - Stopped by Tuukka Rask with a rebound.
12:57 of 3rd period - Icing by Anton Lander.
12:58 of 3rd period - Anton Lander wins face-off versus Alexander Steen in Senators zone.
13:02 of 3rd period - Icing by Beau Bennett.
13:03 of 3rd period - Anton Lander wins face-off versus Alexander Steen in Senators zone.
13:03 of 3rd period - Anton Lander is hit by Alexander Steen.
13:11 of 3rd period - Shot by Alexander Steen.
13:11 of 3rd period - Stopped by Tuukka Rask without a rebound.
13:12 of 3rd period - Mika Zibanejad wins face-off versus Alexander Steen in Senators zone.
13:35 of 3rd period - Michael Stone is hit by Mats Zuccarello and loses puck.
13:37 of 3rd period - Minor Penalty to Mats Zuccarello for Hooking.
13:38 of 3rd period - Mika Zibanejad wins face-off versus Riley Sheahan in Avalanche zone.
13:39 of 3rd period - Shot by Mike Hoffman.
13:39 of 3rd period - Shot Misses the Net.
13:43 of 3rd period - Shot by Drew Miller.
13:43 of 3rd period - Shot Blocked by Jaccob Slavin.
13:45 of 3rd period - Shot by Michael Stone.
13:45 of 3rd period - Shot Blocked by Kevin Shattenkirk.
13:47 of 3rd period - Shot by Mika Zibanejad.
13:47 of 3rd period - Stopped by Jake Allen without a rebound.
13:48 of 3rd period - Alexander Steen wins face-off versus Tyler Seguin in Avalanche zone.
14:27 of 3rd period - Shot by Mark Stone.
14:27 of 3rd period - Shot Blocked by Alexander Steen.
14:53 of 3rd period - Shot by Mika Zibanejad.
14:53 of 3rd period - Shot Misses the Net.
14:55 of 3rd period - Shot by Jared Cowen.
14:55 of 3rd period - Shot Misses the Net.
15:09 of 3rd period - Shot by Michael Stone.
15:09 of 3rd period - Stopped by Jake Allen with a rebound.
15:11 of 3rd period - Shot by Jared Cowen.
15:11 of 3rd period - Shot Blocked by Kevin Shattenkirk.
15:55 of 3rd period - Shot by Anton Lander.
15:55 of 3rd period - Shot Misses the Net.
15:57 of 3rd period - Shot by Marc Methot.
15:57 of 3rd period - Shot Misses the Net.
16:13 of 3rd period - Ryan Dzingel is hit by Luke Schenn and loses puck.
16:43 of 3rd period - Shot by Patrick Marleau.
16:43 of 3rd period - Stopped by Jake Allen without a rebound.
16:44 of 3rd period - Anton Lander wins face-off versus David Backes in Avalanche zone.
17:26 of 3rd period - Shot by Max Domi.
17:26 of 3rd period - Stopped by Tuukka Rask without a rebound.
17:27 of 3rd period - Alexander Steen wins face-off versus Mika Zibanejad in Senators zone.
18:42 of 3rd period - Icing by Marc Methot.
18:43 of 3rd period - David Backes wins face-off versus Tyler Seguin in Senators zone.
18:52 of 3rd period - Shot by David Backes.
18:52 of 3rd period - Stopped by Tuukka Rask without a rebound.
18:53 of 3rd period - Anton Lander wins face-off versus David Backes in Senators zone.
18:57 of 3rd period - Minor Penalty to Beau Bennett for High sticking.
18:57 of 3rd period - Minor Penalty to David Backes for Slashing.
18:58 of 3rd period - Alexander Steen wins face-off versus Anton Lander in neutral zone.
19:03 of 3rd period - Michael Stone is hit by Kevin Bieksa and loses puck.
19:10 of 3rd period - Shot by Max Domi.
19:10 of 3rd period - Shot Misses the Net.
19:12 of 3rd period - Shot by Alexander Steen.
19:12 of 3rd period - Shot Misses the Net.
19:16 of 3rd period - Shot by Max Domi.
19:16 of 3rd period - Stopped by Tuukka Rask with a rebound.
19:18 of 3rd period - Shot by Max Domi.
19:18 of 3rd period - Shot Misses the Net.
19:22 of 3rd period - Shot by Alexander Steen.
19:22 of 3rd period - Shot Blocked by Michael Stone.
19:24 of 3rd period - Shot by Max Domi.
19:24 of 3rd period - Goal by Max Domi - Avalanche : 3 - Senators : 6.
19:25 of 3rd period - Mika Zibanejad wins face-off versus Chris Tierney in neutral zone.
19:34 of 3rd period - Shot by Mike Hoffman.
19:34 of 3rd period - Stopped by Jake Allen without a rebound.
19:35 of 3rd period - Chris Tierney wins face-off versus Mika Zibanejad in Avalanche zone.
19:35 of 3rd period - Chris Tierney is hit by Mike Hoffman.
19:50 of 3rd period - Minor Penalty to Jared Cowen for Hooking.
19:51 of 3rd period - Alexander Steen wins face-off versus Drew Miller in Senators zone.
Goals for this period are 2 for Avalanche vs 3 for Senators.
Shots for this period are 12 for Avalanche vs 23 for Senators.